 Seeded DCSS version 0.30-a0-879-ga8ba668304 (webtiles) character file.

Game seed: 20230312 (custom seed)

21172 a11behringer the Bludgeoner (level 12, -24/108 HPs)
             Began as a Purple Draconian Berserker on Mar 12, 2023.
             Was an Elder of Trog.
             Shot with a bolt by a yaktaur captain (33 damage)
             ... on level 11 of the Dungeon on Mar 13, 2023.
             The game lasted 00:31:27 (12887 turns).

a11behringer the Bludgeoner (DrBe)                 Turns: 12887, Time: 00:31:30

Health: -24/108    AC: 17    Str: 29    XL:     12   Next: 51%
Magic:  12/12      EV: 15    Int:  8    God:    Trog [****..]
Gold:   564        SH:  5    Dex: 12    Spells: 11/11 levels left

rFire   . . .      SeeInvis .    y - +1 morningstar
rCold   . . .      Faith    .    O - +0 buckler
rNeg    . . .      Spirit   .    (body armour unavailable)
rPois   .          Reflect  .    (helmet restricted)
rElec   .          Rampage  .    w - +2 cloak
rCorr   .                        m - +0 pair of gloves
Will    +....                    C - +0 pair of boots
Stlth   +++                      (no amulet)
HPRegen 0.38/turn                n - +4 ring of protection
MPRegen 0.13/turn                r - +6 ring of strength

@: on berserk cooldown, slowed, very slow
A: breathe power, AC +8, unfitting armour, cold-blooded
a: Breathe Dispelling Energy, Renounce Religion, Berserk, Trog's Hand, Brothers
in Arms


You were on level 11 of the Dungeon.
You worshipped Trog.
Trog was greatly pleased with you.
You visited 1 branch of the dungeon, and saw 12 of its levels.

You collected 709 gold pieces.
You spent 145 gold pieces at shops.

Inventory:

Hand Weapons
 a - a +0 mace
 y - a +1 morningstar (weapon)
 B - a +0 great mace
 E - a +3 flail of freezing
 L - a +3 whip
 M - a -2 demon whip of venom
Missiles
 J - a throwing net (quivered)
Armour
 m - a +0 pair of gloves (worn)
 w - a +2 cloak (worn)
 C - a +0 pair of boots (worn)
 O - a +0 buckler (worn)
Jewellery
 n - a +4 ring of protection (left hand)
 r - a +6 ring of strength (right hand)
 G - a ring of protection from fire
 I - a ring of protection from fire
Wands
 j - a wand of quicksilver (30)
 t - a wand of mindburst (36)
 v - a wand of flame (27)
 z - a wand of digging (7)
 N - a wand of polymorph (10)
 P - a wand of iceblast (3)
Scrolls
 d - 5 scrolls of teleportation
 e - 6 scrolls of poison
 h - 3 scrolls of amnesia
 i - 3 scrolls of vulnerability
 l - 2 scrolls of fog
 x - a scroll of enchant armour
 D - 6 scrolls of identify
 F - 2 scrolls of magic mapping {unknown}
 H - 2 scrolls of blinking {unknown}
 T - a scroll of silence
Potions
 b - 2 potions of invisibility
 c - 3 potions of lignification
 f - 2 potions of heal wounds
 g - 7 potions of curing
 k - 4 potions of brilliance
 o - 3 potions of haste {unknown}
 p - 3 potions of resistance {unknown}
 q - a potion of might {unknown}
 s - 2 potions of degeneration {unknown}
 u - a potion of ambrosia {unknown}
 A - 3 potions of mutation {unknown}
 R - a potion of cancellation {unknown}
 S - a potion of flight {unknown}
Miscellaneous
 K - a piece from Xom's chessboard (15/15)
 Q - a tin of tremorstones (2/2)


   Skills:
 + Level 10.7 Fighting
 * Level 15.7 Maces & Flails
 + Level 9.0 Dodging
 + Level 6.3 Stealth
 + Level 4.2 Shields
 + Level 8.3 Evocations


You had 11 spell levels left.
You didn't know any spells.
Your spell library was empty.

Dungeon Overview and Level Annotations

Branches:
Dungeon (12/15)            Temple (0/1) D:4            Lair (0/5) D:10
    Orc: D:9-12

Altars:
Ashenzari
Cheibriados
Dithmenos
Fedhas
Gozag
Hepliaklqana
Kikubaaqudgha
Nemelex Xobeh
Vehumet
Yredelemnul

Shops:
D:8 *

Annotations:
D:11 4 transporters


Innate Abilities, Weirdness & Mutations

You can breathe bolts of dispelling energy.
Your rich purple scales are hard. (AC +8)
You cannot fit into any form of body armour.
You are cold-blooded and may be slowed by cold attacks.


Message History

You impale the skeletal warrior!!
You destroy the skeletal warrior!
Trog accepts your kill.
Your Dodging skill increases to level 9!
You block the deep troll earth mage's attack.
The deep troll earth mage claws you but does no damage.
The deep troll earth mage claws you.
* * * LOW HITPOINT WARNING * * *
Things that are here:
a +0 dire flail; a +2 great sword of flaming; a fire giant corpse You barely miss the deep troll earth mage.
The deep troll earth mage bites you but does no damage.
The deep troll earth mage closely misses you.
The deep troll earth mage claws you but does no damage.
You barely miss the deep troll earth mage.
You hit the deep troll earth mage but do no damage.
You tail-slap the deep troll earth mage.
The deep troll earth mage is lightly wounded.
The deep troll earth mage bites you but does no damage.
The deep troll earth mage misses you.
The deep troll earth mage claws you but does no damage.
You bludgeon the deep troll earth mage!!
The deep troll earth mage is severely wounded.
You hit the deep troll earth mage.
You tail-slap the deep troll earth mage!
The deep troll earth mage is almost dead.
You are no longer berserk.
You are exhausted.
You feel yourself slow down.
The deep troll earth mage completely misses you.
The deep troll earth mage claws you but does no damage.
The deep troll earth mage closely misses you.
You sock the deep troll earth mage!
You kill the deep troll earth mage!
Trog accepts your kill.
Trog appreciates your killing of a magic user.
The troll leather armour is intact enough to wear.
The yaktaur captain wields a +0 arbalest.
The yaktaur captain shoots a bolt.
The bolt hits you!!
You die...

#. ##.# . #.### #+#
## #...#####.#
.###..#....#
#.#....#....# #
##..##......#
##.#.#####......##
##/###$# #..#.....##
#!#@[c####.##......#
#=###[##..##....#.#
##.#.##..###....#.#
###.##..## #))..#..
#)#.#.### #))..###
##.#..# #)...# #
###### #....# #
#....# # ##.#### #


You could see a yaktaur captain.

Vanquished Creatures
  A fire giant (D:11)
  The ghost of bmack86 the Cleaver, a journeyman MiFi of Okawaru (D:9)
  Erolcha (D:11)
  A centaur warrior (D:11)
  2 boulder beetles
  9 two-headed ogres
  A deep troll earth mage (D:11)
  Nergalle (D:11)
  Amaemon (D:9)
  A skeletal warrior (D:11)
  A cyclops (D:11)
  A manticore (D:12)
  Joseph (D:7)
  An orange demon (D:9)
  A gargoyle (D:12)
  Maggie (D:8)
  An unseen horror (D:10)
  2 trolls
  Sigmund (D:6)
  3 yaks (D:9)
  A wyvern (D:9)
  Grum (D:9)
  2 vampire mosquitoes (D:12)
  An acid dragon (D:10)
  4 water moccasins
  2 sky beasts (D:8)
  6 orc warriors
  3 ice beasts
  2 black bears
  4 wolves (D:9)
  10 centaurs
  2 phantoms (D:5)
  4 kobold brigands
  Blork the orc (D:5)
  2 scorpions
  A gnoll sergeant (D:9)
  5 bullfrogs
  A water moccasin zombie (D:5)
  8 wights
  26 killer bees
  4 electric eels (D:9)
  4 howler monkeys
  5 hounds
  2 bullfrog zombies (D:5)
  2 jellies
  4 orc priests
  A bullfrog skeleton (D:5)
  2 centaur skeletons (D:5)
  4 iguanas
  A scorpion zombie (D:5)
  3 orc wizards
  A hound zombie (D:5)
  A hound skeleton (D:5)
  A howler monkey zombie (D:5)
  5 gnolls (D:9)
  9 adders
  3 dart slugs
  42 orcs
  5 ball pythons
  6 endoplasms
  5 giant cockroaches
  4 goblins
  4 hobgoblins
  2 jackals (D:2)
  18 kobolds
  7 quokkas
  8 bats
  2 frilled lizards
  5 rats
278 creatures vanquished.

Vanquished Creatures (others)
  Maurice (D:8)
  30 plants
31 creatures vanquished.

Grand Total: 309 creatures vanquished

Notes
Turn   | Place    | Note
-------+----------+-------------------------------------------
     0 | D:1      | a11behringer the Draconian Berserker began the quest for
                  | the Orb.
     0 | D:1      | Reached XP level 1. HP: 19/19 MP: 1/1
   308 | D:1      | Reached XP level 2. HP: 25/26 MP: 2/2
   599 | D:1      | Found a faded altar of an unknown god.
   940 | D:1      | Reached XP level 3. HP: 33/33 MP: 3/3
  1087 | D:2      | Reached ** piety under Trog
  2173 | D:3      | Found a sparkling altar of Nemelex Xobeh.
  2204 | D:3      | Reached XP level 4. HP: 34/40 MP: 4/4
  2646 | D:3      | Reached skill level 4 in Maces & Flails
  2942 | D:4      | Reached XP level 5. HP: 15/47 MP: 5/5
  3352 | D:4      | Found a staircase to the Ecumenical Temple.
  3807 | D:4      | Reached *** piety under Trog
  3895 | D:5      | Entered Level 5 of the Dungeon
  3895 | D:5      | Noticed Blork the orc
  3902 | D:5      | Killed Blork the orc
  3903 | D:5      | Reached skill level 5 in Fighting
  3903 | D:5      | Reached XP level 6. HP: 56/56 MP: 6/6
  3926 | D:5      | Noticed a water moccasin
  3927 | D:5      | Found an opulent altar of Gozag.
  3941 | D:5      | Killed a water moccasin
  3942 | D:5      | Reached skill level 5 in Maces & Flails
  4079 | D:5      | Your scales start taking on a rich purple colour.
  4079 | D:5      | Reached XP level 7. HP: 60/61 MP: 7/7
  4227 | D:5      | Reached skill level 6 in Maces & Flails
  4619 | D:5      | Reached skill level 5 in Dodging
  4743 | D:5      | Reached XP level 8. HP: 69/70 MP: 8/8
  4756 | D:5      | Reached skill level 7 in Maces & Flails
  5012 | D:5      | Identified a scroll of acquirement
  5208 | D:5      | Acquired a manual of Maces & Flails
  5294 | D:6      | Noticed a troll
  5306 | D:6      | Killed a troll
  5307 | D:6      | Reached skill level 8 in Maces & Flails
  5307 | D:6      | Reached skill level 1 in Evocations
  5492 | D:6      | Found a broken altar of Ashenzari.
  5580 | D:6      | Identified the +1 leather armour of Yblec {rC+ SInv}
  5664 | D:6      | Reached skill level 9 in Maces & Flails
  5888 | D:6      | Noticed Sigmund
  5894 | D:6      | Killed Sigmund
  5895 | D:6      | Reached XP level 9. HP: 79/79 MP: 9/9
  6494 | D:7      | Reached skill level 10 in Maces & Flails
  6795 | D:7      | Noticed Joseph
  6800 | D:7      | Killed Joseph
  7385 | D:8      | Identified the +2 spear of Eqaphuli {drain, Drain MP+9
                  | Str+5 Dex+5}
  7399 | D:8      | Reached skill level 11 in Maces & Flails
  7533 | D:8      | Found Zurylo Adia's Assorted Antiques.
  7711 | D:8      | Found a large runed translucent door.
  7712 | D:8      | Found a large runed translucent door.
  7767 | D:8      | Noticed Maurice
  7770 | D:8      | Noticed Maggie
  7789 | D:8      | Reached skill level 1 in Stealth
  7796 | D:8      | Killed Maurice
  7803 | D:8      | Killed Maggie
  7804 | D:8      | Reached XP level 10. HP: 85/89 MP: 10/10
  7871 | D:8      | Reached skill level 12 in Maces & Flails
  7871 | D:8      | Reached skill level 5 in Evocations
  8110 | D:8      | Found a hazy altar of Hepliaklqana.
  8215 | D:8      | Bought a twisted marble ring for 145 gold pieces
  8353 | D:8      | Noticed a two-headed ogre
  8358 | D:8      | Reached **** piety under Trog
  8369 | D:8      | Killed a two-headed ogre
  8693 | D:8      | Found a shadowy altar of Dithmenos.
  8710 | D:8      | Found a radiant altar of Vehumet.
  8807 | D:9      | Noticed Grum
  8840 | D:9      | Reached skill level 13 in Maces & Flails
  8868 | D:9      | Killed Grum
  9351 | D:9      | Noticed a two-headed ogre
  9360 | D:9      | Killed a two-headed ogre
  9361 | D:9      | Reached XP level 11. HP: 97/97 MP: 11/11
  9386 | D:9      | Noticed a two-headed ogre
  9392 | D:9      | Killed a two-headed ogre
  9393 | D:9      | Reached skill level 14 in Maces & Flails
  9503 | D:9      | Noticed Amaemon
  9523 | D:9      | Killed Amaemon
  9848 | D:9      | Noticed a two-headed ogre
  9858 | D:9      | Killed a two-headed ogre
  9966 | D:9      | Found a runed translucent door.
  9971 | D:9      | Noticed bmack86's ghost (journeyman MiFi)
  9996 | D:9      | Killed bmack86's ghost
  9997 | D:9      | Reached skill level 1 in Shields
 10300 | D:9      | Noticed a two-headed ogre
 10310 | D:9      | Killed a two-headed ogre
 10705 | D:10     | Entered Level 10 of the Dungeon
 10755 | D:10     | Noticed a two-headed ogre
 10768 | D:10     | Killed a two-headed ogre
 10769 | D:10     | Reached skill level 5 in Stealth
 11376 | D:10     | Found a staircase to the Lair.
 11391 | D:10     | Noticed a boulder beetle
 11411 | D:10     | Killed a boulder beetle
 11412 | D:10     | Reached skill level 10 in Fighting
 11412 | D:10     | Reached skill level 15 in Maces & Flails
 11789 | D:10     | Found a basalt altar of Yredelemnul.
 11789 | D:10     | Found an ancient bone altar of Kikubaaqudgha.
 11792 | D:10     | Found a blossoming altar of Fedhas.
 11792 | D:10     | Found a snail-covered altar of Cheibriados.
 11874 | D:10     | Noticed a two-headed ogre
 11883 | D:10     | Killed a two-headed ogre
 12149 | D:11     | You fall into a shaft and drop 1 floor!
 12255 | D:12     | Reached XP level 12. HP: 95/106 MP: 12/12
 12287 | D:11     | Noticed a two-headed ogre
 12287 | D:11     | Noticed a two-headed ogre
 12293 | D:11     | Killed a two-headed ogre
 12304 | D:11     | Killed a two-headed ogre
 12311 | D:11     | Noticed Erolcha
 12482 | D:11     | Killed Erolcha
 12501 | D:11     | Found a transporter.
 12507 | D:11     | Found a transporter.
 12524 | D:11     | Noticed Nergalle
 12542 | D:11     | Killed Nergalle
 12582 | D:11     | Noticed a boulder beetle
 12598 | D:11     | Killed a boulder beetle
 12642 | D:11     | Found a transporter.
 12649 | D:11     | Found a transporter.
 12847 | D:11     | Noticed a fire giant
 12847 | D:11     | Noticed a deep troll earth mage
 12848 | D:11     | Noticed a centaur warrior
 12854 | D:11     | Killed a centaur warrior
 12860 | D:11     | Noticed a yaktaur captain
 12869 | D:11     | Killed a fire giant
 12887 | D:11     | Killed a deep troll earth mage
 12887 | D:11     | Shot with a bolt by a yaktaur captain

Illustrated notes

Levels and vault maps discovered:
D:1:      heliophobic_arrival_ceremonial_halls, layout_basic,
          chequers_ecumenical_altar_grove
D:2:      layout_basic, serial_forest, infiniplex_forest_straight_3,
          infiniplex_forest_straight_2, infiniplex_forest_lined_3,
          infiniplex_forest_straight_1, infiniplex_forest_clump_large,
          nrook_mini_vaults, due_unseen_surprise
D:3:      layout_basic, marbit_many_paths, minmay_starry_boxes
D:4:      layout_loops_cross, temple_hall_moat, chequers_serial_rivers_micro_b
D:5:      layout_basic, lemuel_tele_altar, serial_undead, serial_undead_d,
          serial_undead_b, serial_undead_d, serial_undead_e,
          chequers_serial_rivers_large_b, uniq_blork_the_orc
D:6:      layout_layer_cave, ashenzari_conservatory_becter, uniq_sigmund
D:7:      layout_basic, uniq_joseph
D:8:      layout_loops_ring, nzn_hepliaklqana_mist_gate, jmf_multi_god_temple2,
          serial_shops, nicolae_shop_window_shopping, nicolae_zen_rock_garden,
          minmay_fractal_squares_gapless_5, uniq_maurice, uniq_maggie
D:9:      layout_long_grid, serial_bayou, serial_bayou_pond_b,
          serial_bayou_shore_a, serial_bayou_pond_e, serial_bayou_pond_c,
          ebering_ghost_reflecting_pool, chequers_serial_rivers_marsh,
          water_boxes_lemuel, uniq_amaemon, uniq_grum
D:10:     layout_long_grid, mainiacjoe_overflow_alcove_3, dpeg_oklobed_lair,
          special_room [special_room_orc], unseen_surprise_small
D:11:     minmay_glassy_protrusions, layout_basic, serial_bayou_pond_a,
          kennysheep_flooded_box, grunt_decor_resistance, st_stairs_3,
          minmay_misc_feat_enclosed, minmay_misc_feat_five,
          amcnicky_mini_rare_corridor_liquid, serial_nicolae_subway,
          nicolae_sub_station_crystal, nicolae_sub_station_stone,
          nicolae_sub_station_metal, uniq_erolcha, uniq_nergalle
D:12:     layout_basic, kennysheep_orc_monster_closet_entryway

Skill      XL: |  1  2  3  4  5  6  7  8  9 10 11 12 |
---------------+-------------------------------------+-----
Dodging        | 3 4 5 6 7 8 9 |  9.0
Fighting       | 4 5 6 7 8 9 10 | 10.7
Maces & Flails | 4 5 6 9 11 13 15 | 15.7
Evocations     | 2 4 6 7 8 |  8.3
Stealth        | 1 3 5 6 |  6.3
Shields        | 3 4 |  4.2

Action                     |  1- 3 |  4- 6 |  7- 9 | 10-12 || total
---------------------------+-------+-------+-------+-------++-------
  Melee: Mace              |   128 |   156 |       |       ||   284
         Tailslap          |    11 |    15 |    45 |    78 ||   149
         Punch             |       |     3 |     3 |     3 ||     9
         Morningstar       |       |     9 |   281 |   558 ||   848
 Invoke: Berserk           |     1 |     2 |     5 |    11 ||    19
         Trog's Hand       |     1 |     2 |     5 |    12 ||    20
Ability: Breathe Dispellin |       |       |     3 |     8 ||    11
  Evoke: Wand              |       |       |       |     1 ||     1
    Use: Scroll            |       |       |    15 |       ||    15
   Stab: Sleeping          |     1 |       |       |     4 ||     5
 Armour: Skin              |    50 |    66 |   180 |   320 ||   616
  Dodge: Dodged            |    99 |   106 |   260 |   496 ||   961
  Block: Buckler           |       |       |       |    89 ||    89

Table legend: (Time is in decaauts)
 A = Elapsed time spent in this place.
 B = Non-inter-level travel time spent in this place.
 C = Inter-level travel time spent in this place.
 D = Time resting spent in this place.
 E = Time spent auto-exploring this place.
 F = Levels seen in this place.
 G = Mean time per level.
                   A        B        C        D        E       F      G
               +--------+--------+--------+--------+--------+-----+--------+
         Total |  13047 |  12128 |    919 |      0 |  10074 |  12 | 1087.2 |
       Dungeon |  13047 |  12128 |    919 |      0 |  10074 |  12 | 1087.2 |
               +--------+--------+--------+--------+--------+-----+--------+

Top non-repeatable levels by time:
     D:9: 1930 daAuts
    D:10: 1423 daAuts
     D:8: 1422 daAuts
     D:5: 1401 daAuts
     D:6: 1160 daAuts
     D:1: 1079 daAuts
     D:3: 1061 daAuts
     D:7: 1021 daAuts
     D:4: 1005 daAuts
     D:2: 819 daAuts
    D:11: 427 daAuts
    D:12: 294 daAuts
